AoeStats
← Doak

Nomad

509437869Analyzed
4v4 RM · 6d ago on Sep 26, 2026· 47m 36s· 8 players
Game mode
Random Map
Map size
231×231
Population
200
Speed
Normal
Resources
Standard
Victory
Conquest
Starting age
Dark Age
Ending age
Imperial Age
RankedLock teamsTeams togetherTeam positionsShared explorationLock speedFull tech treeHidden civsTurbo modeCheats
Victory
Defeat
🇨🇳 Persians · China
1633
+10
🇨🇳 Vietnamese · China
1526
+14
🇨🇳 Berbers · China
1493
+15
🇨🇳 Koreans · China
1226
+26
🇯🇵 Lithuanians · Japan
1536
-19
🇩🇪 Persians · Germany
1483
-17
🇪🇸 Berbers · Spain
1466
-16
🇬🇧 Vietnamese · United Kingdom
1401
-13
Kaon
5:30 Loom
13:33 Feudal Age
14:03 Town Watch
17:25 Castle Age
15:54 Stone Mining
23:16 Horse Collar
24:43 Double-Bit Axe
27:06 Bow Saw
26:59 Heavy Plow
29:01 Wheelbarrow
33:47 Bloodlines
37:52 Imperial Age
35:47 Scale Barding Armor
36:29 Forging
36:22 Husbandry
36:35 Gold Mining
37:35 Chain Barding Armor
38:56 Plate Barding Armor
38:02 Cavalier
39:55 Savar
42:09 Iron Casting
42:39 Devotion
43:32 Masonry
43:25 Fletching
44:36 Blast Furnace
43:58 Kamandaran
44:25 Bodkin Arrow
44:52 Ballistics
44:34 Crossbowman
47:08 Chemistry
46:38 Architecture
Doak
5:37 Loom
13:42 Feudal Age
18:58 Castle Age
17:30 Fletching
23:59 Double-Bit Axe
28:42 Bow Saw
29:38 Bodkin Arrow
34:05 Padded Archer Armor
35:02 Leather Archer Armor
36:56 Wheelbarrow
38:20 Ballistics
39:53 Town Watch
43:29 Imperial Age
43:05 Hand Cart
44:15 Bracer
45:48 Chemistry
45:27 Thumb Ring
46:23 Ring Archer Armor
45:53 Elite Skirmisher
Melquiades3959
12:37 Loom
14:46 Feudal Age
18:40 Castle Age
16:52 Scale Barding Armor
18:17 Double-Bit Axe
20:14 Chain Barding Armor
21:13 Bloodlines
28:14 Husbandry
28:16 Horse Collar
36:51 Heavy Plow
40:58 Imperial Age
40:27 Wheelbarrow
40:34 Bow Saw
42:40 Fletching
44:44 Light Cavalry
46:02 Padded Archer Armor
Songoku
6:41 Loom
13:09 Feudal Age
17:19 Castle Age
17:49 Double-Bit Axe
18:45 Bow Saw
21:59 Horse Collar
26:37 Wheelbarrow
27:44 Town Watch
30:44 Fletching
35:33 Imperial Age
32:56 Gold Mining
33:38 Scale Barding Armor
34:48 Hand Cart
35:07 Stone Mining
36:05 Bloodlines
35:55 Husbandry
36:39 Chain Barding Armor
37:06 Conscription
37:06 Heavy Plow
37:24 Hill Forts
38:01 Forging
38:32 Plate Barding Armor
38:12 Bodkin Arrow
38:29 Forging
38:15 Bodkin Arrow
40:23 Elite Leitis
40:53 Elite Skirmisher
41:38 Bracer
41:47 Padded Archer Armor
46:07 Hoardings
47:29 Iron Casting
46:32 Light Cavalry
47:09 Winged Hussar
苏苏
13:06 Feudal Age
19:12 Castle Age
17:19 Double-Bit Axe
20:22 Fishing Lines
21:53 Horse Collar
26:17 Bow Saw
27:56 Wheelbarrow
27:50 Heavy Plow
27:45 Gold Mining
29:18 Hand Cart
28:50 Town Watch
28:51 Loom
29:48 Gold Shaft Mining
31:19 Town Patrol
34:30 Imperial Age
32:14 Thumb Ring
32:13 Husbandry
33:14 Ballistics
32:36 Treadmill Crane
32:51 Murder Holes
33:21 Stone Mining
34:43 Fletching
35:22 Masonry
35:30 Bodkin Arrow
36:01 Conscription
38:08 Two-Man Saw
36:34 Elite Fire Lancer
37:26 Siege Engineers
37:51 Architecture
38:22 Chemistry
37:30 Bracer
37:31 Scale Mail Armor
37:42 Forging
39:05 Squires
38:51 Arson
39:26 Chain Mail Armor
39:41 Capped Ram
41:09 Iron Casting
42:00 Plate Mail Armor
44:51 Arrowslits
44:57 Heated Shot
45:18 Fortified Wall
给你一棒槌
11:17 Loom
13:17 Feudal Age
16:58 Castle Age
15:23 Double-Bit Axe
15:38 Fishing Lines
17:34 Fletching
17:57 Bow Saw
21:52 Medium Warships
23:00 Bodkin Arrow
27:23 Padded Archer Armor
28:42 Horse Collar
29:11 Gillnets
30:05 Wheelbarrow
29:16 Town Watch
43:03 Heavy Plow
44:39 Hand Cart
49:05 Imperial Age
46:52 Hand Cart
47:06 Stone Mining
48:38 Stone Shaft Mining
47:55 Gold Mining
[Fx、]AirDk
3:48 Loom
13:28 Feudal Age
17:01 Castle Age
18:55 Fletching
19:36 Bodkin Arrow
20:22 Padded Archer Armor
20:15 Double-Bit Axe
25:11 Gold Mining
27:39 Fishing Lines
28:48 Town Watch
29:16 Bow Saw
30:35 Leather Archer Armor
30:24 Stone Mining
31:59 Ballistics
33:02 Wheelbarrow
32:09 Horse Collar
33:07 Fervor
35:07 Husbandry
35:21 Bloodlines
35:42 Thumb Ring
36:41 Gillnets
37:05 Heavy Plow
41:08 Imperial Age
39:42 Gold Shaft Mining
39:35 Devotion
39:22 Treadmill Crane
41:52 Bracer
42:53 Chemistry
41:14 Elite Camel Archer
42:16 Conscription
42:28 Ring Archer Armor
41:34 Onager
43:20 Siege Engineers
43:39 Murder Holes
47:06 Masonry
47:34 Hoardings
47:01 Maghrebi Camels
47:02 Kasbah
47:29 Fortified Wall
47:53 Coinage
48:34 Stone Shaft Mining
啥牌子的
9:54 Loom
12:06 Feudal Age
12:25 Fishing Lines
12:36 Double-Bit Axe
15:01 Town Watch
15:47 Forging
17:01 Wheelbarrow
20:52 Castle Age
19:25 Stone Mining
21:52 Medium Warships
26:13 Bow Saw
26:48 Fishing Lines
27:45 Horse Collar
37:23 Town Patrol
41:18 Gold Mining
44:41 Imperial Age
42:29 Heavy Plow
44:28 Gold Shaft Mining
44:00 Caravan
43:59 Gillnets
47:49 Coinage
Connection lost

Rejoining the realm…

Still unreachable

The connection could not be restored.

Session expired

The server has moved on; the page needs a fresh start.